 Dungeon Crawl Stone Soup version 0.27.0-1-g7a089689b8 (webtiles) character file.

Game seed: 5174807560387498027

1500 sanka the Nimble (level 8, 0/40 HPs)
             Began as a Spriggan Fire Elementalist on July 31, 2021.
             Slain by a centaur (1 damage)
             ... on level 6 of the Dungeon.
             The game lasted 00:12:40 (8483 turns).

sanka the Nimble (Spriggan Fire Elementalist)       Turns: 8483, Time: 00:12:41

Health: 0/40       AC:  2    Str:  4    XL:     8   Next: 52%
Magic:  0/13       EV: 26    Int: 17    God:
Gold:   255        SH:  0    Dex: 17    Spells: 11/12 levels left

rFire    . . .     SeeInvis +   v - +5 trident
rCold    . . .     Faith    .   (shield currently unavailable)
rNeg     . . .     Spirit   +   u - +0 robe
rPois    .         Reflect  .   (helmet restricted)
rElec    .         Harm     .   (no cloak)
rCorr    .         Rampage  .   (gloves unavailable)
Will     ++...                  (boots unavailable)
Stlth    ++........             b - amulet of guardian spirit
HPRegen  0.13/turn              (no ring)
MPRegen  0.13/turn              x - ring of willpower

@: very quick
A: very small, no large weapons, unfitting armour, see invisible, speed 3
a: no special abilities


You were on level 6 of the Dungeon.
You visited 1 branch of the dungeon, and saw 6 of its levels.

You collected 255 gold pieces.


Innate Abilities, Weirdness & Mutations

You are very small and have problems with some larger weapons.
You are too small for most types of armour.
You have supernaturally acute eyesight. (SInv)
You cover ground extremely quickly. (Speed+++)


   Skills:
 + Level 3.1 Fighting
 + Level 12.7 Dodging
 - Level 3.0 Stealth
 - Level 2.6 Spellcasting
 - Level 0.6 Conjurations
 - Level 2.4 Fire Magic


You had 11 spell levels left.
You knew the following spells:

 Your Spells              Type           Power      Damage    Failure   Level
y - Foxfire               Conj/Fire      28%        2x1d5     10%         1

Your spell library contained the following spells:

 Spells                   Type           Power      Damage    Failure   Level
 Static Discharge         Conj/Air       3%         N/A       24%         2
 Conjure Flame            Conj/Fire      7%         6-21      28%         3
 Inner Flame              Hex/Fire       6%         N/A       32%         3
 Sticky Flame             Conj/Fire      7%         2d3       67%         4
 Fireball                 Conj/Fire      3%         3d4       95%         5
 Lightning Bolt           Conj/Air       1%         1d12      99%         5
 Maxwell's Capacitive Co  Air            1%         ∞         100%        8

Inventory:

Hand Weapons
 a - a +2 vampiric dagger
 v - a +5 trident (weapon)
Missiles
 g - 2 throwing nets {=f}
 i - 16 poisoned darts
Armour
 s - a +0 buckler
 u - a +0 robe (worn)
Jewellery
 b - an amulet of guardian spirit (around neck)
 x - a ring of willpower (right hand)
Wands
 d - a wand of polymorph (1)
 t - a wand of paralysis (7)
Scrolls
 c - 2 scrolls of teleportation {unknown}
 e - 2 scrolls of acquirement {unknown}
 h - 3 scrolls of identify {unknown}
 k - 2 scrolls of summoning {unknown}
 l - 2 scrolls of brand weapon {unknown}
 m - a scroll of magic mapping {unknown}
 o - 2 scrolls of blinking {unknown}
 q - a scroll of fog {unknown}
 y - a scroll of holy word {unknown}
Potions
 f - a potion of cancellation {unknown}
 j - 2 potions of flight {unknown}
 n - a potion of curing {@q1}
 p - 2 potions of resistance {unknown}
 r - a potion of brilliance {unknown}
 w - a potion of lignification {unknown}
 z - a potion of mutation {unknown}

Dungeon Overview and Level Annotations

Branches:
Dungeon (6/15)
 Temple: D:4-7

Altars:
Fedhas
Makhleb
Okawaru

Shops:
D:3 (   D:6 [

Annotations:
D:3 Grinder
D:4 Eustachio

▒▒...≈≈▒▒▒▒...▒▒
▒....≈c.c.P....▒
▒£...≈≈▒▒ ▒....▒
▒▒▒▒▒▒▒▒ ▒.......▒
▒▒▒▒.▒ ▒......▒
▒£?.....▒▒ ▒.▒▒▒......▒
▒.▒......▒ ▒..........▒
▒▒▒▒...▒
▒▒.........▒▒▒▒▒
▒...▒▒▒▒▒▒....▒▒▒▒.....▒
+.......ic.............▒
▒...▒▒▒▒▒▒....▒▒▒▒.....▒
▒...▒ ▒..........▒ ▒▒▒▒▒
▒▒▒▒▒......▒ ▒......▒
▒▒▒▒▒.▒▒ ▒.▒ ▒.▒ ▒.▒


You could see a centaur.


Message History

The centaur kicks you.
* * * LOW HITPOINT WARNING * * *
You hit the centaur.
The centaur is moderately wounded.
The centaur misses you. The centaur closely misses you.
You hit the centaur.
The centaur is heavily wounded.
The centaur hits you.
* * * LOW HITPOINT WARNING * * *
The centaur completely misses you. The centaur barely misses you.
The centaur misses you.
You barely miss the centaur.
The centaur is heavily wounded.
The centaur hits you.
* * * LOW HITPOINT WARNING * * *
The centaur completely misses you. The centaur completely misses you.
The centaur completely misses you.
You puncture the centaur!
The centaur is severely wounded.
The centaur completely misses you. The centaur misses you.
The centaur completely misses you. The centaur completely misses you.
You hit the centaur.
The centaur is almost dead.
The centaur hits you.
You die...

Action                   |  1- 3 |  4- 6 |  7- 9 || total
-------------------------+-------+-------+-------++-------
Melee: Unarmed           |     5 |     8 |       ||    13
       Short sword       |       |    60 |       ||    60
       Dagger            |       |    22 |       ||    22
       Trident           |       |       |   168 ||   168
 Cast: Foxfire           |    61 |   102 |    65 ||   228
  Use: Potion            |     1 |       |       ||     1
 Stab: Sleeping          |       |     8 |     5 ||    13
Armor: Robe              |     3 |     5 |     9 ||    17
Dodge: Dodged            |    12 |   106 |   185 ||   303

Levels and vault maps discovered:
D:1:      psy_arrival_radial02, layout_basic, hangedman_decor_growths,
          chequers_serial_rivers_small_b, minmay_misc_feat_x
D:2:      layout_basic, serial_aquarium, aquarium_bridge_square
          [aquarium_subvault_bridge, aquarium_subvault_wall,
          aquarium_subvault_bridge, aquarium_subvault_window],
          aquarium_bridge_island_large [aquarium_subvault_large_open,
          aquarium_subvault_wall, aquarium_subvault_window,
          aquarium_subvault_wall, aquarium_subvault_bridge], aquarium_window_1,
          aquarium_window_1, aquarium_window_fake, aquarium_window_corridor_1,
          aquarium_view_2a, aquarium_pool_corner, uniq_sigmund, uniq_terence
D:3:      layout_basic, serial_shops, nicolae_shop_statue_plus, minivault_25,
          minmay_box_of_dots, uniq_grinder
D:4:      layout_basic, lightli_temple_of_fire, serial_park_tiny_pond,
          kennysheep_small_circle, uniq_eustachio, uniq_ijyb
D:5:      layout_loops_corners, okawaru_altar_gauntlet_db, due_unseen_surprise,
          uniq_blork_the_orc
D:6:      layout_basic, fedhas_altar_1, serial_shops, nicolae_shop_waterfront,
          kb_lookout_dungeons_type

Notes
Turn   | Place    | Note
-------+----------+-------------------------------------------
     0 | D:1      | sanka the Spriggan Fire Elementalist began the quest for
                  | the Orb.
     0 | D:1      | Reached XP level 1. HP: 9/9 MP: 5/5
    18 | D:1      | Reached skill level 3 in Dodging
   256 | D:1      | Reached XP level 2. HP: 13/13 MP: 3/6
   322 | D:1      | Reached skill level 4 in Dodging
  1154 | D:2      | Noticed Sigmund
  1446 | D:2      | Killed Sigmund
  1447 | D:2      | Reached skill level 7 in Dodging
  1447 | D:2      | Reached XP level 3. HP: 16/16 MP: 0/8
  1447 | D:2      | Reached XP level 4. HP: 21/21 MP: 0/9
  1447 | D:2      | Reached XP level 5. HP: 24/24 MP: 0/10
  2339 | D:2      | Noticed Terence
  2394 | D:2      | Killed Terence
  2395 | D:2      | Reached skill level 8 in Dodging
  2699 | D:3      | Found Kyaguu's Weapon Boutique.
  2943 | D:3      | Noticed Grinder
  4140 | D:4      | Found a burning altar of Makhleb.
  4237 | D:4      | Noticed Ijyb
  4244 | D:4      | Paralysed by Ijyb for 3 turns
  4263 | D:4      | Killed Ijyb
  4264 | D:4      | Reached XP level 6. HP: 28/28 MP: 4/11
  4439 | D:4      | Found a burning altar of Makhleb.
  5163 | D:4      | Noticed Eustachio
  5226 | D:5      | Entered Level 5 of the Dungeon
  5226 | D:5      | Noticed Blork the orc
  5269 | D:4      | Reached skill level 9 in Dodging
  5461 | D:5      | Noticed a sky beast
  5516 | D:4      | Reached skill level 1 in Fighting
  5644 | D:4      | Killed a sky beast
  5645 | D:4      | Reached XP level 7. HP: 26/33 MP: 2/12
  5763 | D:5      | Killed Blork the orc
  5764 | D:5      | Reached skill level 2 in Fighting
  5764 | D:5      | Reached skill level 10 in Dodging
  5993 | D:5      | Reached skill level 3 in Fighting
  6214 | D:5      | Reached skill level 11 in Dodging
  6304 | D:5      | Found an iron altar of Okawaru.
  6345 | D:5      | Reached XP level 8. HP: 40/40 MP: 13/13
  7602 | D:6      | Reached skill level 12 in Dodging
  7638 | D:6      | Found Aryath's Armour Boutique.
  7952 | D:6      | Found a blossoming altar of Fedhas.
  8448 | D:6      | HP: 4/40 [centaur/arrow (7)]
  8481 | D:6      | HP: 1/40 [centaur (4)]
  8483 | D:6      | Slain by a centaur

Vanquished Creatures
  Sigmund (D:2)
  2 sky beasts
  4 ogres
  A phantom (D:5)
  Blork the orc (D:5)
  2 scorpions
  A water moccasin zombie (D:6)
  3 centaur zombies
  A hound (D:5)
  An orc priest (D:6)
  A jelly (D:6)
  3 iguanas
  Ijyb (D:4)
  Terence (D:2)
  An orc wizard (D:6)
  A howler monkey zombie (D:6)
  2 adders
  2 gnolls (D:5)
  A shadow imp (D:3)
  2 white imps
  An adder skeleton (D:5)
  2 dart slugs (D:1)
  12 orcs
  7 endoplasms
  5 giant cockroaches
  6 goblins
  4 hobgoblins
  4 jackals (D:3)
  4 quokkas
  6 ball pythons
  3 bats
  5 frilled lizards
  3 kobolds
  7 rats
101 creatures vanquished.

Vanquished Creatures (others)
  A bush (D:6)
  368 foxfires
  2 plants (D:6)
371 creatures vanquished.

Grand Total: 472 creatures vanquished
